 Dungeon Crawl Stone Soup version 0.19.5 (webtiles) character file.

225723 RaHiT the Eclecticist (level 18, -10/134 HPs)
             Began as a Mummy Conjurer on Apr 9, 2017.
             Was the Champion of Vehumet.
             Mangled by a deep elf blademaster
             ... wielding a +0 rapier
              (25 damage)
             ... on level 3 of the Elven Halls on Apr 12, 2017.
             The game lasted 08:54:36 (54893 turns).

RaHiT the Eclecticist (Mummy Conjurer)             Turns: 54893, Time: 08:54:40

Health: -10/134    AC:  9    Str: 15    XL:     18   Next: 62%
Magic:  25/48      EV: 14    Int: 34    God:    Vehumet [******]
Gold:   1896       SH:  7    Dex: 12    Spells: 11 memorised, 8 levels left

rFire  x . .     SeeInvis .     p - staff of conjuration
rCold  + . .     Gourm    .     a - +0 robe
rNeg   + + +     Faith    .     E - +2 buckler
rPois  ∞         Spirit   .     H - +2 hat {Int+3}
rElec  .         Reflect  .     z - +0 cloak
rCorr  .         Harm     .     r - +0 pair of gloves "Kygyugg" {Str+2 Int+6}
MR     +++..                    t - +1 pair of boots
Stlth  +++.......               R - amulet of magic regeneration
                                C - ring "Diyto" {MR+ Int+4 Stlth+}
                                q - ring of magical power

@: about to teleport
A: no food or potions, fire vulnerability, cold resistance 1, negative energy
resistance 3, torment resistance, unbreathing, in touch with death 1
a: Renounce Religion
}: 1/15 runes: barnacled


You were on level 3 of the Elven Halls.
You worshipped Vehumet.
Vehumet was exalted by your worship.
You were not hungry.

You visited 7 branches of the dungeon, and saw 33 of its levels.

You collected 2818 gold pieces.
You spent 922 gold pieces at shops.

Inventory:

Hand Weapons
 b - the +6 mace of the Thoughtful Moons {vamp, Str+9 Stlth+}
   (You found it on level 1 of the Spider Nest)

   It inflicts no extra harm, but heals its wielder when it wounds a living foe.
   It affects your strength (+9).
   It makes you more stealthy.
 M - the +8 war axe of the Blue Skies {venom, rElec rC- Stlth+, unknown}
   (You took it off a deep elf demonologist on level 3 of the Elven Halls)

   It poisons the flesh of those it strikes.
   It makes you vulnerable to cold.
   It insulates you from electricity.
   It makes you more stealthy.
Armour
 a - a +0 robe (worn)
 r - the +0 pair of gloves "Kygyugg" (worn) {Str+2 Int+6}
   (You found it on level 5 of the Dungeon)

   It affects your strength (+2).
   It affects your intelligence (+6).
 t - a +1 pair of boots (worn)
 z - a +0 cloak (worn)
 B - a +2 leather armour of fire resistance
 E - a +2 buckler (worn)
 H - a +2 hat of intelligence (worn)
Magical Staves
 p - an uncursed staff of conjuration (weapon)
Rods
 e - a +3 rod of clouds (16/16)
   (You found it on level 2 of the Lair of Beasts)
Jewellery
 h - an uncursed ring of protection from fire
 q - a ring of magical power (left hand)
 y - an uncursed ring of wizardry
 A - an uncursed ring of protection from cold
 C - the ring "Diyto" (right hand) {MR+ Int+4 Stlth+}
   (You found it on level 1 of the Shoals)

   [ring of stealth]

   It affects your intelligence (+4).
   It affects your resistance to hostile enchantments.
   It makes you more stealthy.
 R - an amulet of magic regeneration (around neck)
Wands
 i - a wand of acid (3/15)
 k - a wand of flame (15/48)
 m - a wand of confusion (21/48)
 n - a wand of slowing (33/48)
 s - a wand of paralysis (14/24)
 w - a wand of flame (5/48)
 F - a wand of polymorph (14/24)
 I - a wand of flame (26/48)
 J - a wand of confusion (5/48)
 T - a wand of digging (9/24)
 U - a wand of slowing (18/48)
 Z - a wand of polymorph (9/24)
Scrolls
 c - 4 scrolls of identify
 d - 2 scrolls of enchant armour
 f - 2 scrolls of enchant weapon
 g - a scroll of immolation
 j - 5 scrolls of noise
 l - 5 scrolls of teleportation
 o - 2 scrolls of vulnerability
 u - 2 scrolls of remove curse
 v - a scroll of recharging
 x - 7 scrolls of amnesia
 G - 5 scrolls of magic mapping
Miscellaneous
 D - a lamp of fire
 K - a phial of floods
 L - a sack of spiders


   Skills:
 - Level 10.0 Fighting
 - Level 5.0 Armour
 - Level 5.0 Dodging
 - Level 1.5 Stealth
 - Level 4.4 Shields
 - Level 17.0 Spellcasting
 - Level 15.0 Conjurations
 - Level 6.0 Summonings
 - Level 2.0 Air Magic
 - Level 2.1 Poison Magic
 + Level 13.7 Evocations


You had 8 spell levels left.
You knew the following spells:

 Your Spells              Type           Power        Failure   Level  Hunger
a - Magic Dart            Conj           ####         0%          1    N/A
b - Iskenderun's Mystic   Conj           ########     1%          4    N/A
c - Iskenderun's Battles  Conj/Chrm      #######.     1%          5    N/A
d - Spellforged Servitor  Conj/Summ      ########..   4%          7    N/A
e - Conjure Flame         Conj/Fire      #######.     1%          3    N/A
f - Mephitic Cloud        Conj/Pois/Air  #######.     1%          3    N/A
g - Blink                 Tloc           N/A          1%          2    N/A
h - Iron Shot             Conj/Erth      #######...   3%          6    N/A
i - Throw Icicle          Conj/Ice       #######.     1%          4    N/A
j - Poisonous Cloud       Conj/Pois/Air  #######...   4%          6    N/A
q - Searing Ray           Conj           ######       0%          2    N/A

Dungeon Overview and Level Annotations

Branches:
Dungeon (15/15)            Temple (1/1) D:7            Lair (6/6) D:10
 Shoals (4/4) Lair:4       Spider (2/4) Lair:3        Slime (0/5) Lair:5
    Orc (2/2) D:12            Elf (3/3) Orc:2        Vaults (0/5) D:13
 Depths (0/5) D:15

Altars:
Ashenzari
Cheibriados
Dithmenos
Elyvilon
Fedhas
Gozag
Hepliaklqana
Kikubaaqudgha
Makhleb
Nemelex Xobeh
Okawaru
Qazlal
Ru
Sif Muna
Trog
Uskayaw
Vehumet
Xom
Yredelemnul
Zin
The Shining One
Jiyva
Lugonu

Shops:
D:2 *   D:11 *   D:12 (   Orc:2 [:**   Elf:1 :   Elf:2 ?%!(   Elf:3 =
Shoals:3 *

Annotations:
Lair:4 exclusion: 2 oklob plants
Shoals:3 exclusion: 2 oklob plants


Innate Abilities, Weirdness & Mutations

You do not eat or drink.
Your flesh is vulnerable to fire.
You are immune to poison.
Your flesh is cold resistant. (rC+)
You are immune to negative energy. (rN+++)
You are immune to unholy pain and torment.
You can survive without breathing.
You are in touch with the powers of death.


Message History

The deep elf master archer wields a longbow.
The deep elf master archer shoots an arrow.
The arrow hits you!
* * * LOW HITPOINT WARNING * * *
Things that are here:
2 arrows; a long sword
As you read the scroll of summoning, it crumbles to dust.
Wisps of shadow whirl around you...
The deep elf master archer is engulfed in roaring flames.
The deep elf death mage is engulfed in noxious fumes.
The deep elf death mage beckons forth a restless soul!
The deep elf demonologist mumbles some strange words.
As you read the scroll of teleportation, it crumbles to dust.
You feel strangely unstable.
The deep elf master archer is engulfed in roaring flames.
The deep elf death mage is engulfed in noxious fumes.
The deep elf death mage appears confused.
The deep elf death mage grins madly.
The deep elf blademaster hits you with a rapier!!
You die...

.# ##'## #)#### .# #.#
###e#..# .# #.# #.#.#..# .#
#.# #.#.#.## '## #!# #####
##....# #'###'##
#...#####...## ##.....##
###.(.).##1e##.# #.......#
#..).(..§.e#####
#.......#####...@e))e§##
#.......'...).).)...e§#
#...)...#####........*#
#.......# #.........#
##.....'## ###)....'########
#'###'##.########.###.......#
)##
#.###.#.....#####.......+#
..# #.# ##'.....# #.........#
..# #.#
#.^.....###.........##


You could see a deep elf blademaster, a Brimstone Fiend, 2 deep elf master
archers, a deep elf death mage (confused), a deep elf demonologist, a lost soul
and 2 friendly dancing weapons.

Vanquished Creatures
  Rupert (D:12)
  A deep elf blademaster (Elf:3)
  Polyphemus (Shoals:4)
  Gastronok (D:8)
  Kirke (Spider:1)
  A kraken (Shoals:1)
  Ilsuiw (Shoals:4)
  2 deep elf elementalists (Elf:3)
  A stone giant (Orc:2)
  2 entropy weavers (Lair:4)
  Nessos (D:13)
  4 deep elf demonologists (Elf:3)
  A spark wasp (shapeshifter) (D:15)
  A deep elf annihilator (Elf:2)
  Azrael (D:15)
  3 merfolk javelineers (Shoals:4)
  Snorg (D:12)
  2 deep elf death magi (Elf:3)
  2 merfolk impalers
  2 fire dragons
  2 deep elf high priests
  The ghost of Turtleman12345 the Eclecticist, a journeyman DEFE of Vehumet (Lair:6)
  A rakshasa (D:15)
  7 hydras
  3 centaur warriors
  3 merfolk aquamancers
  A merfolk avatar (Shoals:1)
  7 ogre magi
  16 dancing weapons
  A deep troll earth mage (D:15)
  3 tengu warriors
  A queen ant (Lair:4)
  3 orc high priests
  A death yak (Shoals:4)
  6 slime creatures
  9 deep elf knights
  5 skeletal warriors
  6 unseen horrors
  A fire crab (Lair:6)
  4 deep trolls (D:15)
  2 sea snakes
  5 deep elf archers
  9 hill giants
  A wolf spider zombie (D:12)
  A harpy (Shoals:2)
  An orb spider (shapeshifter) (D:13)
  An orb spider (Spider:1)
  6 ugly things
  4 orc knights
  7 wolf spiders
  6 manticores
  44 deep elf magi
  3 cyclopes
  An oklob plant (Shoals:2)
  5 sirens
  6 fauns
  12 black mambas
  7 elephants
  Psyche (D:8)
  A water nymph (Shoals:2)
  The ghost of symbioosi the Slasher, a novice MiBe of Trog (D:5)
  A water nymph (shapeshifter) (D:15)
  Maurice (Orc:1)
  9 gargoyles
  9 spiny frogs
  3 molten gargoyles (Lair:6)
  10 komodo dragons
  2 demonic crawlers (Spider:1)
  A yaktaur (Shoals:1)
  4 rime drakes
  2 tengu conjurers
  8 trolls
  8 jumping spiders
  25 merfolk
  4 blink frogs (Lair:6)
  20 two-headed ogres
  A hornet (Spider:1)
  A hornet (shapeshifter) (D:15)
  4 wind drakes
  3 snapping turtles
  2 dream sheep (Shoals:4)
  13 hippogriffs
  8 water elementals
  4 air elementals
  6 wyverns
  2 centaur simulacra
  18 redbacks (Spider:1)
  5 tarantellas (Spider:1)
  A spriggan (D:8)
  3 wraiths
  A shadow (D:15)
  4 vampires
  16 humans
  5 basilisks (Lair:6)
  3 vampire mosquitoes (D:15)
  33 yaks
  A hungry ghost (D:13)
  3 fire elementals
  26 soldier ants
  5 wargs
  20 water moccasins
  Duvessa (D:3)
  8 hell hounds
  7 porcupines
  35 orc warriors
  6 sky beasts
  A swamp drake (shapeshifter) (Elf:3)
  2 eyes of draining (D:13)
  9 ice beasts
  2 necrophages
  3 phantoms
  6 boggarts
  25 centaurs
  12 wolves
  44 ogres
  13 crocodiles
  A big kobold (D:13)
  21 bullfrogs
  An earth elemental (Elf:3)
  A wyvern zombie (D:12)
  A wyvern skeleton (D:14)
  5 scorpions
  Dowan (D:4)
  12 wights
  4 electric eels
  4 howler monkeys
  6 crimson imps
  5 lava snakes (Lair:6)
  2 centaur zombies
  2 bullfrog zombies
  9 hounds
  A quasit (D:12)
  20 orc priests
  A bullfrog skeleton (D:12)
  9 centaur skeletons
  5 jellies
  Jessica (D:3)
  8 iguanas
  33 orc wizards
  34 worker ants
  A hound zombie (D:7)
  2 hound skeletons (D:7)
  4 gnolls
  11 adders
  5 shadow imps
  An ooze (D:2)
  An adder skeleton (D:8)
  3 worms
  3 dart slugs
  4 leopard geckos
  110 orcs
  A ball python (D:1)
  4 giant cockroaches
  5 goblins
  9 hobgoblins
  7 jackals
  6 kobolds
  6 quokkas
  7 bats
  6 frilled lizards
  A jackal skeleton (D:4)
  A jackal zombie (D:6)
  A leopard gecko skeleton (D:5)
  2 quokka skeletons
  2 rats (D:1)
  2 fungi
  8 plants (Shoals:4)
  A tentacle (Shoals:1)
1105 creatures vanquished.

Vanquished Creatures (collateral kills)
  Nikola (Elf:1)
  A frost giant (Shoals:4)
  Aizul (Elf:1)
  5 merfolk javelineers
  A deep elf death mage (Elf:1)
  7 merfolk impalers
  A deep elf high priest (Elf:3)
  A catoblepas (Shoals:4)
  2 satyrs (Shoals:4)
  2 merfolk aquamancers
  14 dancing weapons
  2 death yaks (Shoals:4)
  13 deep elf knights (Elf:2)
  6 sea snakes
  3 deep elf archers
  4 harpies
  10 fauns
  23 deep elf magi
  A cyclops (Shoals:4)
  11 manticores
  3 sirens
  4 water nymphs
  30 merfolk
  2 wind drakes (Shoals:4)
  A dream sheep (shapeshifter) (Elf:2)
  2 hippogriffs (Shoals:3)
  3 dream sheep
  3 snapping turtles (Shoals:3)
  A redback (Spider:1)
  2 air elementals
  A fire elemental (Elf:1)
  8 water elementals
  An orc warrior (Elf:3)
  A centaur (Shoals:4)
  2 earth elementals (Elf:2)
  4 orcs (Elf:1)
  4 plants (Shoals:4)
181 creatures vanquished.

Vanquished Creatures (others)
  A centaur warrior (D:13)
  A tarantella (Spider:1)
  4 humans (Spider:1)
  A worker ant (D:13)
  18 fungi
  28 plants
  9 tentacles (Shoals:1)
62 creatures vanquished.

Grand Total: 1348 creatures vanquished

Notes
Turn   | Place    | Note
-------+----------+-------------------------------------------
     0 | D:1      | RaHiT the Mummy Conjurer began the quest for the Orb.
     0 | D:1      | Reached XP level 1. HP: 13/13 MP: 3/3
   346 | D:1      | Reached skill level 3 in Spellcasting
   346 | D:1      | Reached XP level 2. HP: 2/19 MP: 0/6
   664 | D:1      | Learned a level 2 spell: Searing Ray
   958 | D:1      | Reached XP level 3. HP: 23/24 MP: 1/7
  1463 | D:2      | Reached skill level 4 in Spellcasting
  1496 | D:2      | Reached XP level 4. HP: 30/30 MP: 1/10
  1729 | D:2      | Found Zin's Purification Station.
  1732 | D:2      | Found a glowing silver altar of Zin.
  2503 | D:3      | Found a stormy altar of Qazlal.
  2611 | D:3      | Noticed Jessica
  2615 | D:3      | Killed Jessica
  2615 | D:3      | Reached XP level 5. HP: 35/35 MP: 8/12
  2829 | D:3      | Reached skill level 5 in Spellcasting
  2914 | D:3      | Found an opulent altar of Gozag.
  3038 | D:3      | Noticed a centaur
  3044 | D:3      | Killed a centaur
  3176 | D:4      | Reached XP level 6. HP: 32/41 MP: 6/14
  3261 | D:4      | Reached skill level 6 in Spellcasting
  3375 | D:4      | Learned a level 4 spell: Iskenderun's Mystic Blast
  3381 | D:4      | Learned a level 5 spell: Iskenderun's Battlesphere
  3385 | D:4      | Learned a level 3 spell: Dazzling Spray
  3417 | D:4      | Noticed Dowan
  3431 | D:4      | Noticed Duvessa
  3552 | D:4      | Found a shimmering altar of Xom.
  4465 | D:4      | Killed Dowan
  4465 | D:4      | Reached skill level 7 in Spellcasting
  4517 | D:3      | Killed Duvessa
  4517 | D:3      | Reached XP level 7. HP: 24/46 MP: 4/17
  4701 | D:4      | Found a sparkling altar of Nemelex Xobeh.
  5105 | D:5      | Entered Level 5 of the Dungeon
  5134 | D:5      | Noticed symbioosi's ghost (novice MiBe)
  5394 | D:5      | Got a pair of ichor-stained gloves
  5400 | D:5      | Identified the cursed +0 pair of gloves "Kygyugg" {Str+2 Int+6} (You found it on level 5 of the Dungeon)
  5443 | D:5      | Reached skill level 8 in Spellcasting
  5824 | D:4      | Found a glowing silver altar of Zin.
  5838 | D:4      | Learned a level 3 spell: Conjure Flame
  5842 | D:4      | Learned a level 3 spell: Mephitic Cloud
  5871 | D:5      | Killed symbioosi's ghost
  5871 | D:5      | Reached XP level 8. HP: 40/52 MP: 15/20
  6260 | D:5      | Reached skill level 5 in Conjurations
  6507 | D:5      | Learned a level 2 spell: Blink
  7591 | D:6      | Found a shadowy altar of Dithmenos.
  8018 | D:7      | Found a staircase to the Ecumenical Temple.
  8033 | D:7      | Reached skill level 1 in Evocations
  8048 | Temple   | Entered the Ecumenical Temple
  8557 | D:7      | Found a shattered altar of Ashenzari.
  8564 | D:7      | Reached XP level 9. HP: 57/57 MP: 21/21
  8606 | D:7      | Found a white marble altar of Elyvilon.
  8606 | D:7      | Found a radiant altar of Vehumet.
  8606 | D:7      | Found a hide-covered altar of Uskayaw.
  8607 | D:7      | Found a sacrificial altar of Ru.
  8608 | D:7      | Found a burning altar of Makhleb.
  8611 | D:7      | Found a bloodstained altar of Trog.
  8614 | D:7      | Became a worshipper of Vehumet
  9467 | D:8      | Reached skill level 5 in Evocations
  9696 | D:8      | Noticed Gastronok
  9724 | D:8      | Killed Gastronok
  9724 | D:8      | Reached XP level 10. HP: 72/79 MP: 5/22
  9907 | D:8      | Noticed Psyche
  9919 | D:8      | Killed Psyche
 10246 | D:8      | Reached * piety under Vehumet
 10246 | D:8      | Offered knowledge of Sandblast by Vehumet.
 10432 | D:8      | Found a deep blue altar of Sif Muna.
 11181 | D:9      | Reached skill level 5 in Dodging
 11292 | D:9      | Reached skill level 1 in Armour
 11558 | D:10     | Entered Level 10 of the Dungeon
 11625 | D:10     | Noticed a gargoyle
 11640 | D:10     | Killed a gargoyle
 11743 | D:10     | Noticed a gargoyle
 11760 | D:10     | Killed a gargoyle
 12000 | D:10     | Offered knowledge of Sting by Vehumet.
 12043 | D:10     | Noticed an elephant
 12218 | D:10     | Killed an elephant
 12218 | D:10     | Reached ** piety under Vehumet
 12218 | D:10     | Reached XP level 11. HP: 86/86 MP: 9/23
 12496 | D:10     | Reached skill level 5 in Armour
 12966 | D:10     | Noticed a purple ugly thing
 12979 | D:10     | Killed a purple ugly thing
 13300 | D:10     | Found a staircase to the Lair.
 13417 | D:10     | Reached skill level 10 in Fighting
 13450 | D:10     | Offered knowledge of Static Discharge by Vehumet.
 14434 | D:11     | Found Aschiuxeu's Assorted Antiques.
 14469 | D:11     | Killed an unseen horror
 14469 | D:11     | Reached skill level 9 in Spellcasting
 14481 | D:11     | Reached *** piety under Vehumet
 15002 | D:11     | Noticed a hill giant
 15015 | D:11     | Killed a hill giant
 15182 | D:11     | Killed an unseen horror
 15275 | D:11     | Noticed a green ugly thing
 15283 | D:11     | Killed a green ugly thing
 15283 | D:11     | Reached skill level 10 in Spellcasting
 15829 | Lair:1   | Entered Level 1 of the Lair of Beasts
 16066 | Lair:1   | Reached XP level 12. HP: 96/97 MP: 26/26
 16141 | Lair:1   | Offered knowledge of Force Lance by Vehumet.
 16942 | Lair:2   | Reached skill level 11 in Spellcasting
 17394 | Lair:2   | Reached **** piety under Vehumet
 18039 | Lair:2   | Identified a +0 rod of clouds (13/13) (You found it on level 2 of the Lair of Beasts)
 18498 | Lair:3   | Found a hole to the Spider Nest.
 19215 | Lair:3   | Offered knowledge of Bolt of Magma by Vehumet.
 19222 | Lair:3   | Learned a level 5 spell: Bolt of Magma
 19375 | Lair:4   | Found a staircase to the Shoals.
 19467 | Lair:4   | Noticed a five-headed hydra
 19476 | Lair:4   | Killed a five-headed hydra
 19477 | Lair:4   | Reached skill level 10 in Conjurations
 19683 | Lair:4   | Noticed a seven-headed hydra
 19688 | Lair:4   | Killed a seven-headed hydra
 19798 | Lair:4   | Noticed an eight-headed hydra
 20021 | Lair:4   | Noticed an entropy weaver
 20141 | Lair:4   | Killed an entropy weaver
 20141 | Lair:4   | Gained mutation: You are in touch with the powers of death. [Mummy growth]
 20141 | Lair:4   | Reached XP level 13. HP: 64/103 MP: 25/28
 20841 | Lair:4   | Reached ***** piety under Vehumet
 20896 | Lair:4   | Noticed an entropy weaver
 20905 | Lair:4   | HP: 2/103 [entropy weaver/short sword (10)]
 21123 | Lair:3   | Offered knowledge of Bolt of Fire by Vehumet.
 21285 | Lair:4   | Killed an entropy weaver
 23343 | Lair:5   | Found a viscous altar of Jiyva.
 23343 | Lair:5   | Found a staircase to the Slime Pits.
 23648 | Lair:6   | Entered Level 6 of the Lair of Beasts
 23880 | Lair:6   | Noticed Turtleman12345's ghost (journeyman DEFE)
 23907 | Lair:6   | Killed Turtleman12345's ghost
 24476 | Lair:6   | Reached skill level 10 in Evocations
 24552 | Lair:6   | Reached skill level 1 in Shields
 24751 | Lair:6   | Offered knowledge of Yara's Violent Unravelling by Vehumet.
 24751 | Lair:6   | Reached XP level 14. HP: 104/110 MP: 29/29
 25081 | Lair:6   | Found a large runed door.
 25377 | Lair:6   | Found a large runed door.
 25740 | Lair:1   | Learned a level 4 spell: Throw Icicle
 25986 | D:12     | Found Ytwena's Antique Weapon Shop.
 26197 | D:12     | Found a staircase to the Orcish Mines.
 26399 | D:12     | Noticed Rupert
 26409 | D:12     | Killed Rupert
 27069 | D:12     | Offered knowledge of Delayed Fireball by Vehumet.
 27932 | Orc:1    | Entered Level 1 of the Orcish Mines
 28377 | Orc:2    | Entered Level 2 of the Orcish Mines
 28642 | Orc:2    | Found a staircase to the Elven Halls.
 28757 | Orc:2    | Found Xounox's Book Shop.
 28757 | Orc:2    | Found Uway's Armour Emporium.
 28763 | Orc:2    | Paralysed by an ogre mage for 5 turns
 28857 | Orc:2    | Found Muesimu's Assorted Antiques.
 28857 | Orc:2    | Found Paxaasic's Assorted Antiques.
 29297 | Orc:2    | Noticed a stone giant
 29303 | Orc:2    | Killed a stone giant
 29600 | Orc:1    | Noticed Maurice
 29871 | Orc:1    | Offered knowledge of Spellforged Servitor by Vehumet.
 29873 | Orc:1    | Killed Maurice
 29873 | Orc:1    | Reached XP level 15. HP: 105/115 MP: 23/30
 30079 | Orc:1    | Learned a level 7 spell: Spellforged Servitor
 30289 | Orc:2    | Bought a hardcover book for 615 gold pieces
 30289 | Orc:2    | Bought a scroll of blinking for 307 gold pieces
 30641 | D:13     | Noticed Snorg
 30683 | D:12     | Killed Snorg
 31431 | D:13     | Noticed Nessos
 31444 | D:13     | Killed Nessos
 31498 | D:13     | Found a gate to the Vaults.
 32260 | D:14     | Offered knowledge of Bolt of Cold by Vehumet.
 32524 | D:14     | Reached skill level 15 in Conjurations
 33392 | D:15     | Entered Level 15 of the Dungeon
 34088 | D:15     | Reached skill level 12 in Spellcasting
 34481 | D:15     | Noticed Azrael
 34594 | D:15     | Killed Azrael
 34597 | D:15     | Offered knowledge of Iron Shot by Vehumet.
 36105 | D:15     | Reached skill level 13 in Spellcasting
 36294 | D:15     | Found a staircase to the Depths.
 36319 | D:15     | Reached XP level 16. HP: 113/122 MP: 33/33
 37320 | D:15     | Noticed a storm dragon
 38577 | Elf:1    | Entered Level 1 of the Elven Halls
 39129 | Lair:1   | Learned a level 6 spell: Poisonous Cloud
 39191 | Spider:1 | Entered Level 1 of the Spider Nest
 39191 | Spider:1 | Noticed Kirke
 39197 | Spider:1 | Killed Kirke
 39200 | Spider:1 | Reached skill level 14 in Spellcasting
 39622 | Spider:1 | Got a scorched mace
 40141 | Spider:1 | Reached ****** piety under Vehumet
 41010 | Lair:3   | Identified the +6 mace of the Thoughtful Moons {vamp, Str+9 Stlth+} (You found it on level 1 of the Spider Nest)
 41040 | Lair:3   | Learned a level 6 spell: Iron Shot
 41082 | Shoals:1 | Entered Level 1 of the Shoals
 41835 | Shoals:1 | Reached skill level 15 in Spellcasting
 41975 | Shoals:1 | Reached skill level 1 in Summonings
 42009 | Shoals:1 | Offered knowledge of Poison Arrow by Vehumet.
 42842 | Shoals:1 | Got a twitching granite ring
 42919 | Shoals:1 | Identified the ring "Diyto" {MR+ Int+4 Stlth+} (You found it on level 1 of the Shoals)
 43046 | Shoals:1 | Got a twisted broad axe
 43250 | Shoals:1 | Noticed a kraken
 43375 | Shoals:1 | Identified the +5 broad axe "Ititust" {chop, rElec Stlth+} (You found it on level 1 of the Shoals)
 43694 | Shoals:2 | Found a shimmering altar of Xom.
 43841 | Shoals:2 | Reached skill level 5 in Summonings
 44851 | Shoals:3 | Found Kanun's Assorted Antiques.
 45619 | Shoals:3 | Reached skill level 1 in Air Magic
 45641 | Shoals:3 | Reached skill level 1 in Poison Magic
 46246 | Shoals:4 | Entered Level 4 of the Shoals
 46272 | Shoals:4 | Reached XP level 17. HP: 71/128 MP: 19/36
 46550 | Shoals:4 | Got a crude shield
 46731 | Shoals:4 | Noticed Polyphemus
 46748 | Shoals:4 | Killed Polyphemus
 47239 | Shoals:4 | Offered knowledge of Lehudib's Crystal Spear by Vehumet.
 47239 | Shoals:4 | Offered knowledge of Shatter by Vehumet.
 47239 | Shoals:4 | Offered knowledge of Tornado by Vehumet.
 47391 | Shoals:4 | Got a pair of twisted gloves
 47785 | Shoals:4 | Noticed Ilsuiw
 48350 | Shoals:4 | Identified a scroll of acquirement
 48525 | Shoals:4 | Killed Ilsuiw
 48525 | Shoals:4 | Reached skill level 16 in Spellcasting
 49215 | Shoals:4 | Got a barnacled rune of Zot
 49497 | Shoals:1 | Killed a kraken
 49750 | Orc:2    | Identified the cursed +0 pair of gloves "Qamn" {rC+ Str+5 Dex+4 Stlth-} (You found it on level 4 of the Shoals)
 49760 | Orc:2    | Identified the +2 shield of Amies {rC+++ rCorr Int-5 Stlth-} (You found it on level 4 of the Shoals)
 49855 | Elf:1    | Noticed Nikola
 49863 | Elf:1    | Killed Nikola
 50540 | Elf:1    | Noticed Aizul
 50554 | Elf:1    | Killed Aizul
 50956 | Elf:1    | Found Zuugeis's Book Shop.
 50977 | Elf:1    | Reached skill level 17 in Spellcasting
 52003 | Elf:2    | Found a runed gate.
 52003 | Elf:2    | Found a runed gate.
 52003 | Elf:2    | Found a runed gate.
 52264 | Elf:2    | Reached XP level 18. HP: 102/134 MP: 31/39
 52313 | Elf:2    | Found Voimaff's Magic Scroll Shoppe.
 52342 | Elf:2    | Found Pacionass's Distillery.
 52342 | Elf:2    | Found Kigatoet's Food Shoppe.
 52343 | Elf:2    | Found Plog's Weapon Shoppe.
 53425 | Elf:3    | Entered Level 3 of the Elven Halls
 54147 | Elf:3    | Found Yjoodad's Jewellery Emporium.
 54562 | Elf:3    | Got a scorched war axe {venom}
 54585 | Elf:3    | Noticed a Brimstone Fiend
 54893 | Elf:3    | Noticed a Brimstone Fiend
 54893 | Elf:3    | Mangled by a deep elf blademaster

Skill      XL: |  1  2  3  4  5  6  7  8  9 10 11 12 13 14 15 16 17 18 |
---------------+-------------------------------------------------------+-----
Spellcasting   | 3 4 5 7 8 10 11 13 15 17 | 17.0
Conjurations   | 4 7 10 11 13 15 | 15.0
Evocations     | 2 5 10 11 13 | 13.7
Fighting       | 7 8 10 | 10.0
Dodging        | 5 |  5.0
Armour         | 4 5 |  5.0
Shields        | 2 4 |  4.4
Summonings     | 6 |  6.0
Air Magic      | 1 2 |  2.0
Poison Magic   | 1 2 |  2.1
Stealth        | |  1.5

Action                   |  1- 3 |  4- 6 |  7- 9 | 10-12 | 13-15 | 16-18 || total
-------------------------+-------+-------+-------+-------+-------+-------++-------
Melee: Spear             |    25 |    14 |       |       |       |       ||    39
       Dagger            |       |    20 |    74 |    88 |       |       ||   182
       Short sword       |       |    12 |       |       |       |       ||    12
       Mace              |       |       |       |       |     3 |       ||     3
       Staff             |       |       |       |       |       |     1 ||     1
 Cast: Magic Dart        |    49 |    50 |    58 |   181 |   479 |   257 ||  1074
       Searing Ray       |     4 |    24 |    46 |   161 |   191 |    59 ||   485
       Iskenderun's Myst |       |     5 |     8 |    31 |    79 |    17 ||   140
       Conjure Flame     |       |       |    14 |    32 |    37 |    27 ||   110
       Mephitic Cloud    |       |       |     1 |     2 |    25 |    39 ||    67
       Dazzling Spray    |       |       |     1 |       |       |       ||     1
       Iskenderun's Batt |       |       |       |    15 |   150 |    51 ||   216
       Bolt of Magma     |       |       |       |     7 |    51 |    15 ||    73
       Blink             |       |       |       |       |    17 |    13 ||    30
       Throw Icicle      |       |       |       |       |   127 |   121 ||   248
       Spellforged Servi |       |       |       |       |       |   148 ||   148
       Iron Shot         |       |       |       |       |       |   157 ||   157
       Poisonous Cloud   |       |       |       |       |       |    67 ||    67
Evoke: Wand              |       |       |    12 |     3 |    83 |    10 ||   108
       Rod               |       |       |       |     5 |    47 |     3 ||    55
       Lamp of fire      |       |       |       |       |     1 |       ||     1
       Phial of floods   |       |       |       |       |       |     1 ||     1
  Use: Scroll            |       |     3 |     6 |    12 |    14 |    15 ||    50
 Stab: Sleeping          |     2 |       |     1 |     1 |       |       ||     4
Armor: Robe              |     5 |    41 |    24 |    59 |    98 |    48 ||   275
Dodge: Dodged            |    22 |   134 |    77 |   189 |   247 |   180 ||   849
Block: Buckler           |       |       |       |       |    62 |    59 ||   121
